 Dungeon Crawl Stone Soup version 0.28.0 (webtiles) character file.

Game seed: 10071160271029258677

1446 HallandMoats the Ruffian (level 8, 0/70 HPs)
             Began as a Ghoul Monk on Feb 8, 2022.
             Was a Believer of Makhleb.
             Slain by Duvessa (9 damage)
             ... on level 5 of the Dungeon.
             The game lasted 00:07:53 (7064 turns).

HallandMoats the Ruffian (Ghoul Monk)               Turns: 7064, Time: 00:07:54

Health: 0/70       AC: 16    Str: 15    XL:     8   Next: 75%
Magic:  9/9        EV: 15    Int:  5    God:    Makhleb [**....]
Gold:   403        SH:  0    Dex: 13    Spells: 7/7 levels left

rFire   . . .      SeeInvis .   d - +4 short sword (protect)
rCold   + + .      Faith    .   (no shield)
rNeg    + + +      Spirit   .   g - +1 scale mail {rC+}
rPois   ∞          Reflect  .   (no helmet)
rElec   .          Harm     .   n - +0 cloak
rCorr   .          Rampage  .   (no gloves)
Will    .....                   (no boots)
Stlth   +.........              f - amulet of the acrobat
HPRegen 0.00/turn               e - ring of flight
MPRegen 0.11/turn               h - +4 ring of evasion

@: under a protective aura, flying, inhibited regen
A: claws 1, cold resistance 1, negative energy resistance 3, inhibited
regeneration, torment resistance 2
a: Renounce Religion, Minor Destruction


You were on level 5 of the Dungeon.
You worshipped Makhleb.
Makhleb was pleased with you.
You visited 2 branches of the dungeon, and saw 7 of its levels.

You collected 403 gold pieces.

Inventory:

Hand Weapons
 d - a +4 short sword of protection (weapon)
Missiles
 m - a throwing net (quivered)
Armour
 g - a +1 scale mail of cold resistance (worn)
 n - a +0 cloak (worn)
Jewellery
 e - a ring of flight (left claw)
 f - an amulet of the acrobat (around neck)
 h - a +4 ring of evasion (right claw)
 o - a ring of magical power
Scrolls
 a - 2 scrolls of enchant weapon {unknown}
 c - a scroll of summoning {unknown}
 i - 3 scrolls of identify {unknown}
 j - a scroll of enchant armour {unknown}
 k - a scroll of torment {unknown}
 l - 2 scrolls of immolation {unknown}
 p - a scroll of magic mapping {unknown}
 q - a scroll of noise {unknown}
 r - a scroll of silence {unknown}
Potions
 b - 3 potions of curing


   Skills:
 + Level 6.3 Fighting
 + Level 4.2 Armour
 + Level 5.2 Dodging
 - Level 2.1 Stealth
 + Level 6.3 Unarmed Combat
 * Level 3.8 Invocations


You had 7 spell levels left.
You didn't know any spells.
Your spell library contained the following spells:

 Spells                   Type           Power      Damage    Failure   Level
 Foxfire                  Conj/Fire      0%         2x1d4     89%         1
 Blink                    Tloc           0%         N/A       96%         2
 Conjure Flame            Conj/Fire      0%         6-21      99%         3
 Inner Flame              Hex/Fire       0%         N/A       99%         3
 Lesser Beckoning         Tloc           0%         N/A       99%         3
 Flame Wave               Conj/Fire      0%         2d4       100%        4
 Manifold Assault         Tloc           0%         N/A       100%        5


Dungeon Overview and Level Annotations

Branches:
Dungeon (6/15)             Temple (1/1) D:6

Altars:
Ashenzari
Cheibriados
Dithmenos
Elyvilon
Fedhas
Gozag
Hepliaklqana
Kikubaaqudgha
Makhleb
Nemelex Xobeh
Okawaru
Qazlal
Ru
Sif Muna
Trog
Uskayaw
Vehumet
Wu Jian
Xom
Yredelemnul
Zin
The Shining One

Shops:
D:3 [

Annotations:
D:5 Dowan; Duvessa; Eustachio
D:6 1 runed translucent door, HallandMoats's ghost, amateur TrMo


Innate Abilities, Weirdness & Mutations

You thrive by killing the living.
You are immune to poison.
You have sharp fingernails.
Your flesh is cold resistant. (rC+)
You are immune to negative energy. (rN+++)
You do not regenerate when monsters are visible.
You are immune to unholy pain and torment.


Message History

Duvessa is heavily wounded.
The quokka barely misses you.
Duvessa says, "I don't care about looks, I care about technique!"
Duvessa closely misses you.
You hit Duvessa but do no damage.
Duvessa is heavily wounded.
Duvessa hits you with a +0 rapier. The quokka misses you.
Duvessa hits you but does no damage. The quokka barely misses you.
You barely miss Duvessa.
Duvessa is heavily wounded.
Duvessa barely misses you. The quokka closely misses you.
Duvessa barely misses you.
You barely miss Duvessa.
Duvessa is heavily wounded.
The quokka closely misses you.
Duvessa says, "I don't care about looks, I care about technique!"
Duvessa hits you but does no damage.
You puncture Duvessa!
Duvessa is severely wounded.
Duvessa hits you with a +0 rapier.
* * * LOW HITPOINT WARNING * * *
The quokka completely misses you. Duvessa hits you with a +0 rapier.
* * * LOW HITPOINT WARNING * * *
The quokka bites you but does no damage.
Duvessa is no longer moving quickly.
You hit Duvessa.
Duvessa is severely wounded.
Duvessa hits you with a +0 rapier.
* * * LOW HITPOINT WARNING * * *
Dowan mumbles some strange words.
Dowan blinks!
You hit Duvessa.
Duvessa is severely wounded.
Duvessa hits you with a +0 rapier.
* * * LOW HITPOINT WARNING * * *
Duvessa misses you.
You hit Duvessa but do no damage.
Duvessa is severely wounded.
Duvessa hits you with a +0 rapier!
You die...

..........# #..#....##### ..#
.##############..#........# ..#
.'...#.....#.....#........# ..###
.#...'.....#.....#........# .....
.#...########....#........# ..!.
##'######..###########....##..#
...>.......##....##..#.....#5.##
.................#r..#.....'...#
................@ebr.#.....#...#
##+###########'####@##.e.5.#..##
##....###..##...###.#......#..#
##....#.†..'....#...b.@....#...
)#....#....#....#...#r.....#..e.
.#....##...#....#...#......#..?..
.#....##...#....#...#.....>#.....
.#....###'####+######......#
.#....#...................##


You could see Eustachio, Duvessa, a quokka (summoned), a bat (summoned) and a
rat (summoned).

Vanquished Creatures
  Pikel (D:4)
  An orc warrior (D:5)
  A black bear (D:5)
  An ice beast (D:6)
  A necrophage (D:6)
  An ogre (D:5)
  A lemure (D:3)
  A bullfrog (D:6)
  A scorpion (D:4)
  A water moccasin zombie (D:5)
  2 hounds
  A jelly (D:4)
  3 iguanas
  4 gnolls (D:3)
  8 adders
  A shadow imp (D:5)
  A worm (D:3)
  4 dart slugs
  8 orcs
  9 ball pythons
  4 bats
  7 endoplasms
  5 giant cockroaches
  7 goblins
  7 hobgoblins
  6 jackals
  4 quokkas
  A frilled lizard (D:2)
  11 kobolds
  5 rats
108 creatures vanquished.

Vanquished Creatures (others)
  2 plants
2 creatures vanquished.

Grand Total: 110 creatures vanquished

Notes
Turn   | Place    | Note
-------+----------+-------------------------------------------
     0 | D:1      | HallandMoats the Ghoul Monk began the quest for the Orb.
     0 | D:1      | Reached XP level 1. HP: 19/19 MP: 0/0
   191 | D:1      | Reached XP level 2. HP: 25/26 MP: 1/1
  1336 | D:1      | Reached XP level 3. HP: 31/31 MP: 2/2
  1467 | D:2      | Reached skill level 1 in Armour
  1907 | D:2      | Reached XP level 4. HP: 40/40 MP: 3/3
  2753 | D:3      | Reached XP level 5. HP: 26/46 MP: 4/4
  3032 | D:3      | Found Poud's Armour Shoppe.
  3794 | D:4      | Noticed Pikel
  3794 | D:4      | Noticed a lemure
  3794 | D:4      | Noticed a lemure
  3794 | D:4      | Noticed a lemure
  3812 | D:3      | Killed a lemure
  3818 | D:4      | Noticed a lemure
  3871 | D:4      | Killed Pikel
  3872 | D:4      | Reached skill level 5 in Fighting
  3872 | D:4      | Reached skill level 5 in Unarmed Combat
  3872 | D:4      | Reached XP level 6. HP: 32/56 MP: 5/5
  3872 | D:4      | Reached XP level 7. HP: 34/61 MP: 6/6
  4451 | D:4      | You are sucked into a shaft and drop 2 floors!
  4474 | D:6      | Found a staircase to the Ecumenical Temple.
  4487 | Temple   | Entered the Ecumenical Temple
  4837 | Temple   | Became a worshipper of Makhleb the Destroyer
  4837 | Temple   | Reached * piety under Makhleb
  4837 | Temple   | Reached ** piety under Makhleb
  5361 | D:6      | Reached skill level 1 in Invocations
  5371 | D:6      | Reached XP level 8. HP: 67/70 MP: 6/8
  5416 | D:6      | Found a runed translucent door.
  5421 | D:6      | Noticed HallandMoats's ghost (amateur TrMo)
  5462 | D:5      | Entered Level 5 of the Dungeon
  6311 | D:5      | Reached skill level 5 in Dodging
  6366 | D:5      | Found a shadowy altar of Dithmenos.
  7024 | D:5      | Noticed Duvessa
  7024 | D:5      | Noticed Eustachio
  7025 | D:5      | Noticed Dowan
  7064 | D:5      | Slain by Duvessa

Illustrated notes

Levels and vault maps discovered:
D:1:      saegor_arrival_simple_c, layout_basic, kennysheep_crisscross,
          minmay_misc_feat_room, serial_bayou_pond_d
D:2:      layout_basic, supply_closet_lemuel, minmay_goblin_kobold_house
D:3:      layout_basic, serial_shops, shop, serial_bayou_pond_d,
          kennysheep_potato
D:4:      layout_loops_ring, corexii_shack, uniq_pikel
D:5:      layout_gridville, grunt_dithmenos_smoke, uniq_duvessa, uniq_eustachio
D:6:      layout_gridville, temple_statues, ebering_ghost_sewer_d,
          hangedman_abyss_or_decor_stabs, pf_guarded_unrand_meek
Temple:   compressed_dpeg_triangle_lava_temple

Skill      XL: |  1  2  3  4  5  6  7  8 |
---------------+-------------------------+-----
Dodging        | 3 4 5 |  5.2
Armour         | 1 3 4 |  4.2
Unarmed Combat | 4 5 6 |  6.3
Fighting       | 4 5 6 |  6.3
Invocations    | 1 3 |  3.8
Stealth        | |  2.1

Action                   |  1- 3 |  4- 6 |  7- 9 || total
-------------------------+-------+-------+-------++-------
Melee: Unarmed           |    57 |       |       ||    57
       Short sword       |    66 |   186 |   199 ||   451
       Punch             |     3 |     3 |     9 ||    15
Invok: Minor Destruction |       |       |     5 ||     5
  Use: Potion            |       |     6 |     1 ||     7
       Scroll            |       |       |     1 ||     1
 Stab: Sleeping          |     2 |     5 |     2 ||     9
Armor: Robe              |    29 |    20 |       ||    49
       Ring mail         |       |    13 |    35 ||    48
       Scale mail        |       |       |    39 ||    39
Dodge: Dodged            |   105 |   135 |   241 ||   481
